[Event "Queen Rapid Challenge 2024"]
[Site "Bucharest"]
[Date "2024.03.10"]
[Round "4.3"]
[White "Iordache, Alexia-Andreea"]
[Black "Batagan, Ilinca-Petra"]
[Result "0-1"]
[ECO "C72"]
[WhiteElo "1866"]
[BlackElo "1915"]
[Annotator "NA RC"]
[PlyCount "120"]
[EventDate "2024.03.09"]
[EventType "rapid"]
[EventCountry "ROU"]
[SourceTitle "playchess.com"]
[Source "ChessBase"]
[SourceQuality "1"]
[TimeControl "900+10"]

1. e4 e5 2. Nf3 Nc6 3. Bb5 a6 4. Ba4 d6 5. O-O Bd7 6. d3 g6 7. a3 Bg7 8. Be3 Nf6 9. Nc3 O-O 10. h3 h6 11. Bb3 Kh7 12. d4 Nh5 13. dxe5 Nxe5 14. Nxe5 Bxe5 15. Qe1 Nf4 16. Bxf4 Bxf4 17. Nd5 Qg5 18. Kh1 c6 19. Nb6 Rad8 20. Nxd7 Rxd7 21. Rd1 Be5 22. c3 Qf4 23. g3 Qf3+ 24. Kg1 f5 25. Bc2 f4 26. Rd3 Qh5 27. g4 Qh4 28. Rf3 h5 29. gxh5 gxh5 30. Kh2 Rg7 31. Rg1 Rfg8 32. Rxg7+ Rxg7 33. Qf1 Qg5 34. Bb3 Qg6 35. Bc2 d5 36. exd5 Qxc2 37. dxc6 Qe4 38. Qd3 Qxd3 39. Rxd3 bxc6 40. b4 Kg6 41. c4 Kf5 42. a4 Ke4 43. Rb3 f3+ 44. Kh1 Rd7 45. Re3+ Kf4 46. Re1 Rd2 47. Kg1 Bd4 48. Rf1 Rb2 49. b5 axb5 50. axb5 cxb5 51. cxb5 Rxb5 52. Rd1 Bxf2+ 53. Kxf2 Rb2+ 54. Kg1 Kg3 55. Rf1 Rg2+ 56. Kh1 Rf2 57. Rg1+ Kxh3 58. Rb1 Rh2+ 59. Kg1 f2+ 60. Kf1 Rh1+ 0-1

[Event "Queen Rapid Challenge 2024"]
[Site "Bucharest"]
[Date "2024.03.10"]
[Round "4.4"]
[White "Sgircea, Silvia-Raluca"]
[Black "Rata, Anamaria"]
[Result "1-0"]
[ECO "A13"]
[WhiteElo "2224"]
[BlackElo "1790"]
[Annotator "RC"]
[PlyCount "55"]
[EventDate "2024.03.09"]
[EventType "rapid"]
[EventCountry "ROU"]
[SourceTitle "playchess.com"]
[Source "ChessBase"]
[SourceQuality "1"]
[TimeControl "900+10"]

1. Nf3 d5 2. e3 Nf6 3. c4 e6 4. Nc3 Be7 5. b3 O-O 6. Bb2 Nbd7 7. Qc2 c6 8. Be2 b6 9. Rg1 e5 10. g4 e4 11. Nd4 Ne5 12. g5 Ne8 13. cxd5 cxd5 14. O-O-O a5 15. f4 exf3 16. Nxf3 Nc6 17. Bd3 Nb4 18. Bxh7+ Kh8 19. Qb1 g6 20. Bxg6 fxg6 21. Qxg6 Ng7 22. a3 Bf5 23. Qh6+ Kg8 24. axb4 axb4 25. Nh4 bxc3 26. dxc3 Ba3 27. g6 Bxb2+ 28. Kxb2 1-0

[Event "Queen Rapid Challenge 2024"]
[Site "Bucharest"]
[Date "2024.03.10"]
[Round "4.5"]
[White "Aldea, Maria-Antonia"]
[Black "Cosma, Elena-Luminita"]
[Result "1/2-1/2"]
[ECO "E01"]
[WhiteElo "1855"]
[BlackElo "2238"]
[Annotator "TA"]
[PlyCount "108"]
[EventDate "2024.03.09"]
[EventType "rapid"]
[EventCountry "ROU"]
[SourceTitle "playchess.com"]
[Source "ChessBase"]
[SourceQuality "1"]
[TimeControl "900+10"]

1. Nf3 d5 2. g3 Nf6 3. Bg2 e6 4. d4 c5 5. c4 cxd4 6. Nxd4 dxc4 7. Qa4+ Nbd7 8. e3 ({Besser ist} 8. O-O $14) 8... Bc5 {[%emt 0:00:29] Schwarz hat minimalen Vorteil.} 9. Qxc4 O-O 10. O-O a6 11. Nb3 Be7 12. Rd1 Rb8 13. Qe2 Qc7 14. Nd4 Nc5 15. Bd2 e5 16. Nf3 (16. Rc1 $15) 16... e4 $17 17. Nd4 Bg4 18. f3 exf3 19. Bxf3 Bxf3 20. Qxf3 Nce4 21. Nc3 Nxd2 22. Rxd2 Qe5 23. Re1 (23. Qf4 $11 Qxf4 24. exf4) 23... Bb4 $15 24. Rc2 Rbd8 {[%emt 0:00:14] [#] ...Rxd4 wäre nun fies.} 25. Ree2 Rd7 26. a3 Bxc3 27. Rxc3 Ne4 28. Rcc2 f5 29. Qf1 Ng5 (29... g6 $15) 30. Nf3 $11 Qe7 31. Nxg5 Qxg5 32. Qf4 Qe7 33. Red2 Rfd8 34. Rxd7 Qxd7 {[%emt 0:00:07][%mdl 4096] Endspiel. KQR-KQR} 35. Qf3 h6 36. Rf2 Qd1+ 37. Qxd1 Rxd1+ {[%emt 0:00:06] KR-KR} 38. Kg2 Rb1 39. Kf3 Kf7 40. e4 Ke6 41. exf5+ Kxf5 42. Kg2+ Ke6 43. Rd2 a5 44. Kf2 b5 45. Kg2 Ke5 {[%emt 0:00:30] Weiss sollte ...Ke4 verhindern.} 46. Kf3 Rf1+ 47. Ke2 Rf7 48. Ke3 Rc7 49. Kf3 g5 50. h3 h5 51. Ke3 Rf7 52. Rc2 {[%emt 0:00:13] [#] Und jetzt Rc5+ wäre schön. Die Stellung ist ausgeglichen.} Rd7 53. Rc5+ Rd5 54. Rxd5+ Kxd5 {[%emt 0:00:07] Gewichteter Fehlerwert: Weiß=0.13 (sehr präzise) /Schwarz=0.13 (sehr präzise) .  Fehler:       	Weiß=3     	Schwarz=1     Ungenau:       	Weiß=4     	Schwarz=6     OK:         	Weiß=16    	Schwarz=9     Bester:       	Weiß=2     	Schwarz=3} 1/2-1/2

[Event "Queen Rapid Challenge 2024"]
[Site "Bucharest"]
[Date "2024.03.10"]
[Round "4.6"]
[White "Schiopu, Oana-Magdalena"]
[Black "Ciolacu, Alessia-Mihaela"]
[Result "0-1"]
[ECO "C24"]
[WhiteElo "1850"]
[BlackElo "2175"]
[Annotator "RC"]
[PlyCount "68"]
[EventDate "2024.03.09"]
[EventType "rapid"]
[EventCountry "ROU"]
[SourceTitle "playchess.com"]
[Source "ChessBase"]
[SourceQuality "1"]
[TimeControl "900+10"]

1. e4 e5 2. Bc4 Nf6 3. d3 d5 4. exd5 Nxd5 5. Nf3 Nc6 6. O-O Bg4 7. c3 Nb6 8. Bb3 Qd7 9. Be3 Be7 10. Bc2 O-O 11. Nbd2 f5 12. Bxb6 axb6 13. Qe1 Bf6 14. h3 Bh5 15. Nh2 Kh8 16. Kh1 b5 17. a3 Rae8 18. Nhf3 Re7 19. b4 e4 20. dxe4 fxe4 21. Bxe4 Bxc3 22. Rd1 Bxf3 23. Nxf3 Bxe1 24. Rxd7 Rxd7 25. Rxe1 Re7 26. Bxc6 Rxe1+ 27. Nxe1 bxc6 28. Nd3 Ra8 29. Ne5 Rxa3 30. Nxc6 Rc3 31. Na5 c5 32. bxc5 Rxc5 33. Kg1 Rc1+ 34. Kh2 b4 0-1

[Event "Queen Rapid Challenge 2024"]
[Site "Bucharest"]
[Date "2024.03.10"]
[Round "4.7"]
[White "Pirvulescu, Ekaterina"]
[Black "Fileru, Maria"]
[Result "1-0"]
[ECO "C91"]
[WhiteElo "2091"]
[BlackElo "1822"]
[Annotator "NA RC"]
[PlyCount "55"]
[EventDate "2024.03.09"]
[EventType "rapid"]
[EventCountry "ROU"]
[SourceTitle "playchess.com"]
[Source "ChessBase"]
[SourceQuality "1"]
[TimeControl "900+10"]

1. e4 e5 2. Nf3 Nc6 3. Bb5 a6 4. Ba4 b5 5. Bb3 Bb7 6. O-O Be7 7. c3 Nf6 8. Re1 O-O 9. d4 d6 10. Bc2 Re8 11. a3 h6 12. Nbd2 Bf8 13. Nf1 Nb8 14. dxe5 dxe5 15. Qxd8 Rxd8 16. Nxe5 Re8 17. f4 Bd6 18. Ng3 Bxe5 19. fxe5 Rxe5 20. Bf4 Re7 21. Rad1 c6 22. Nf5 Rd7 23. Nd6 c5 24. Nxb7 Rxb7 25. Rd8+ Kh7 26. e5+ g6 27. exf6 a5 28. Ree8 1-0

[Event "Queen Rapid Challenge 2024"]
[Site "Bucharest"]
[Date "2024.03.10"]
[Round "4.8"]
[White "Schiopu, Andreea-Alexandra"]
[Black "Maria, Lia-Alexandra"]
[Result "0-1"]
[ECO "A57"]
[WhiteElo "1830"]
[BlackElo "1996"]
[Annotator "NA RC"]
[PlyCount "88"]
[EventDate "2024.03.09"]
[EventType "rapid"]
[EventCountry "ROU"]
[SourceTitle "playchess.com"]
[Source "ChessBase"]
[SourceQuality "1"]
[TimeControl "900+10"]

1. Nf3 Nf6 2. d4 c5 3. d5 g6 4. c4 b5 5. Nc3 b4 6. Na4 d6 7. g3 Bg7 8. Bg2 Bd7 9. a3 Qa5 10. axb4 Qxb4+ 11. Nc3 Qxc4 12. O-O Qb4 13. Qc2 O-O 14. e4 Qb6 15. Nd2 Na6 16. Nc4 Qb7 17. Na5 Nb4 18. Qb3 Qc7 19. Bd2 Rab8 20. Qd1 Bg4 21. f3 Bc8 22. Ne2 Nd7 23. Bxb4 Rxb4 24. Nc6 Rxb2 25. Rxa7 Qb6 26. Nxe7+ Kh8 27. Nxc8 Rxc8 28. Rxd7 Qb5 29. Rxd6 Rxe2 30. Kh1 Qb2 31. Rb6 Qa2 32. Rg1 Bd4 33. Qb1 Bxg1 34. Qxg1 Qd2 35. Rb1 Qe3 36. Qxe3 Rxe3 37. f4 c4 38. e5 c3 39. Rc1 c2 40. Kg1 Rd3 41. Kf2 Rd1 42. Rxc2 Rxc2+ 43. Kf3 Rxd5 44. Bf1 Rxh2 0-1

[Event "Queen Rapid Challenge 2024"]
[Site "Bucharest"]
[Date "2024.03.10"]
[Round "4.9"]
[White "Popa, Andra-Maria"]
[Black "Stanciu, Andreea-Briana"]
[Result "0-1"]
[ECO "A26"]
[WhiteElo "1774"]
[BlackElo "1976"]
[Annotator "NA RC"]
[PlyCount "104"]
[EventDate "2024.03.09"]
[EventType "rapid"]
[EventCountry "ROU"]
[SourceTitle "playchess.com"]
[Source "ChessBase"]
[SourceQuality "1"]
[TimeControl "900+10"]

1. c4 e5 2. g3 Nc6 3. Bg2 f5 4. d3 Nf6 5. Nc3 g6 6. e4 d6 7. Nge2 Bg7 8. O-O O-O 9. h3 fxe4 10. dxe4 Be6 11. Nd5 Qd7 12. Kh2 Ne7 13. Qd3 c6 14. Nxf6+ Bxf6 15. Bh6 Rfd8 16. Rad1 d5 17. Qf3 Bg7 18. Bxg7 Kxg7 19. cxd5 cxd5 20. exd5 Bxd5 21. Qc3 Qf5 22. g4 Qf6 23. f4 Bxg2 24. Kxg2 Nd5 25. Qf3 Qc6 26. Kh2 Nxf4 27. Qxc6 bxc6 28. Nxf4 exf4 29. Rxd8 Rxd8 30. Rxf4 Rd2+ 31. Kg3 Rxb2 32. Ra4 Rb7 33. Ra6 Rc7 34. Ra3 c5 35. Kf4 Kf6 36. g5+ Ke6 37. h4 Kd5 38. Rd3+ Kc4 39. Rb3 Kd4 40. Rb8 Rf7+ 41. Kg4 c4 42. Rd8+ Ke3 43. Re8+ Kd3 44. Rd8+ Kc2 45. Rc8 c3 46. a4 a5 47. h5 gxh5+ 48. Kxh5 Kb3 49. g6 hxg6+ 50. Kxg6 Rf4 51. Kg5 Rc4 52. Rb8+ Kxa4 0-1

[Event "Queen Rapid Challenge 2024"]
[Site "Bucharest"]
[Date "2024.03.10"]
[Round "4.10"]
[White "Patru, Alexandra-Ioana"]
[Black "Didiliuc, Dariana-Gabriela"]
[Result "1/2-1/2"]
[ECO "D02"]
[WhiteElo "1838"]
[BlackElo "1917"]
[Annotator "RC"]
[PlyCount "20"]
[EventDate "2024.03.09"]
[EventType "rapid"]
[EventCountry "ROU"]
[SourceTitle "playchess.com"]
[Source "ChessBase"]
[SourceQuality "1"]
[TimeControl "900+10"]

1. d4 d5 2. Nf3 Nf6 3. g3 e6 4. Bg2 c5 5. e3 Nc6 6. O-O Qb6 7. b3 cxd4 8. exd4 Bd6 9. Bb2 O-O 10. Nbd2 Bd7 1/2-1/2

[Event "Queen Rapid Challenge 2024"]
[Site "Bucharest"]
[Date "2024.03.10"]
[Round "5.1"]
[White "Bulmaga, Irina"]
[Black "Obada, Ema"]
[Result "1-0"]
[ECO "B12"]
[WhiteElo "2429"]
[BlackElo "1976"]
[Annotator "TA"]
[PlyCount "61"]
[EventDate "2024.03.09"]
[EventType "rapid"]
[EventCountry "ROU"]
[SourceTitle "playchess.com"]
[Source "ChessBase"]
[SourceQuality "1"]
[TimeControl "900+10"]

1. e4 c6 2. d4 d5 3. e5 c5 4. dxc5 e6 5. a3 Bxc5 6. b4 Be7 7. Nf3 f6 8. Bb2 {[%emt 0:00:12] Weiß hat minimalen Vorteil.} a5 9. b5 Nd7 10. Bd3 Nh6 11. Qe2 Nc5 12. O-O Nf7 13. Nbd2 O-O 14. Rfe1 Bd7 15. a4 Rc8 16. Bd4 f5 17. Rec1 ({Vorzuziehen ist} 17. c4 $14 Re8 18. h3) 17... Be8 {[%emt 0:02:08] [#]} (17... Ng5 $11 {hält das Gleichgewicht.}) 18. c4 $1 $16 Ng5 19. cxd5 Qxd5 (19... Nxf3+ $16 20. Nxf3 (20. Qxf3 exd5 21. Bxc5 Bxc5 $14) 20... exd5) 20. Bc4 $18 Nxf3+ 21. Nxf3 Qd7 (21... Qd8 {war einen Versuch wert.} 22. Bxc5 Rxc5) 22. Rd1 {[%emt 0:01:05] [#] Zielt auf Bxc5 ab.} Ne4 23. Bb2 Qc7 24. Bxe6+ Kh8 25. Bxc8 Qxc8 26. Rac1 Qe6 27. Nd2 Nc5 28. Qc4 {[%emt 0:01:02] Schwarz muss nun Ba3 beachten.} Qh6 29. Nf3 Bh5 (29... Bf7 {ist wohl besser.}) 30. Qd5 b6 31. Ba3 {[%emt 0:00:25] Gewichteter Fehlerwert: Weiß=0.20 (präzise) /Schwarz=0.40.  Fehler:       	Weiß=1     	Schwarz=4     Ungenau:       	Weiß=1     	Schwarz=3     OK:         	Weiß=9     	Schwarz=10    Bester:       	Weiß=3     	---        Stark:        	Weiß=1     	---} 1-0

[Event "Queen Rapid Challenge 2024"]
[Site "Bucharest"]
[Date "2024.03.10"]
[Round "5.2"]
[White "Batagan, Ilinca-Petra"]
[Black "Raeva, Elitsa"]
[Result "1/2-1/2"]
[ECO "B28"]
[WhiteElo "1915"]
[BlackElo "2185"]
[Annotator "RC"]
[PlyCount "111"]
[EventDate "2024.03.09"]
[EventType "rapid"]
[EventCountry "ROU"]
[SourceTitle "playchess.com"]
[Source "ChessBase"]
[SourceQuality "1"]
[TimeControl "900+10"]

1. e4 c5 2. Nf3 a6 3. d4 cxd4 4. Nxd4 Nf6 5. Nc3 e5 6. Nf3 Bb4 7. Bd2 d6 8. Bd3 O-O 9. h3 h6 10. O-O Be6 11. a3 Bc5 12. Qe2 b5 13. Be3 Nbd7 14. Nh4 Rc8 15. Nf5 Bxf5 16. exf5 d5 17. Bxc5 Rxc5 18. f3 Re8 19. Qf2 Nh5 20. Rfe1 Qc7 21. Bf1 d4 22. Ne4 Rxc2 23. Qh4 Ndf6 24. a4 Nxe4 25. fxe4 Nf6 26. axb5 axb5 27. b3 Qb6 28. Kh1 Rec8 29. Qg3 Qb8 30. b4 R8c3 31. Qh4 d3 32. Red1 Qd8 33. Ra5 Rc1 34. Qe1 Rxd1 35. Qxd1 Nxe4 36. Qf3 Qd4 37. Ra8+ Kh7 38. f6 Nf2+ 39. Kh2 Qf4+ 40. Qxf4 exf4 41. fxg7 Kxg7 42. Rd8 Rc1 43. Kg1 Nxh3+ 44. gxh3 d2 45. Rxd2 Rb1 46. Rd4 f3 47. Kf2 Kf6 48. Bd3 Ke5 49. Re4+ Kd5 50. Kxf3 Rb3 51. Ke2 Rb2+ 52. Kd1 f5 53. Rf4 Ke5 54. Rf1 f4 55. Bxb5 Rxb4 56. Bd3 1/2-1/2

[Event "Queen Rapid Challenge 2024"]
[Site "Bucharest"]
[Date "2024.03.10"]
[Round "5.3"]
[White "Maria, Lia-Alexandra"]
[Black "Sgircea, Silvia-Raluca"]
[Result "1-0"]
[ECO "B38"]
[WhiteElo "1996"]
[BlackElo "2224"]
[Annotator "RC"]
[PlyCount "75"]
[EventDate "2024.03.09"]
[EventType "rapid"]
[EventCountry "ROU"]
[SourceTitle "playchess.com"]
[Source "ChessBase"]
[SourceQuality "1"]
[TimeControl "900+10"]

1. e4 c5 2. Nf3 Nc6 3. d4 cxd4 4. Nxd4 g6 5. c4 Bg7 6. Be3 Nf6 7. Nc3 d6 8. f3 O-O 9. Be2 Bd7 10. O-O Nxd4 11. Bxd4 a5 12. Rc1 Bc6 13. Nd5 Nd7 14. Bxg7 Kxg7 15. Qd4+ e5 16. Qd2 Bxd5 17. cxd5 Qb6+ 18. Kh1 Nc5 19. Rc4 a4 20. f4 f6 21. f5 Qa5 22. Qc2 b5 23. Rc3 Qb4 24. a3 Qa5 25. Rh3 b4 26. Qd2 g5 27. axb4 Nxe4 28. Qc2 Qxb4 29. Qc7+ Rf7 30. Rxh7+ Kxh7 31. Qxf7+ Kh8 32. Bd3 Rg8 33. Bxe4 Qxe4 34. Qh5+ Kg7 35. Qg6+ Kf8 36. Qxf6+ Ke8 37. Qe6+ Kf8 38. f6 1-0

[Event "Queen Rapid Challenge 2024"]
[Site "Bucharest"]
[Date "2024.03.10"]
[Round "5.4"]
[White "Cosman, Andreea-Marioara"]
[Black "Pirvulescu, Ekaterina"]
[Result "1/2-1/2"]
[ECO "D27"]
[WhiteElo "2115"]
[BlackElo "2091"]
[Annotator "RC"]
[PlyCount "85"]
[EventDate "2024.03.09"]
[EventType "rapid"]
[EventCountry "ROU"]
[SourceTitle "playchess.com"]
[Source "ChessBase"]
[SourceQuality "1"]
[TimeControl "900+10"]

1. d4 d5 2. c4 dxc4 3. Nf3 Nf6 4. e3 e6 5. Bxc4 a6 6. a4 c5 7. O-O cxd4 8. Nxd4 Be7 9. Nc3 O-O 10. b3 Qc7 11. Bb2 Bd7 12. Rc1 Nc6 13. Be2 Rfd8 14. Nxc6 Bxc6 15. Qc2 Qa5 16. Rfd1 Qg5 17. e4 Rac8 18. Bf3 Ng4 19. Ne2 Ne5 20. Bxe5 Qxe5 21. Qc3 Bf6 22. Qxe5 Bxe5 23. Kf1 Kf8 24. Ng3 Bf4 25. Rxd8+ Rxd8 26. Rc3 Ke7 27. h4 Rd2 28. Be2 Bxg3 29. Rxg3 Bxe4 30. Rxg7 Rb2 31. f3 Bc2 32. Bc4 Bxb3 33. Bxb3 Rxb3 34. Rxh7 Rb4 35. h5 Rxa4 36. g4 Kf6 37. Rh8 Kg7 38. Rb8 b5 39. Rb7 Ra2 40. g5 Kg8 41. Rb8+ Kg7 42. Rb7 Kg8 43. Rb8+ 1/2-1/2

[Event "Queen Rapid Challenge 2024"]
[Site "Bucharest"]
[Date "2024.03.10"]
[Round "5.5"]
[White "Stanciu, Andreea-Briana"]
[Black "Iordache, Alexia-Andreea"]
[Result "0-1"]
[ECO "A03"]
[WhiteElo "1976"]
[BlackElo "1866"]
[Annotator "RC"]
[PlyCount "93"]
[EventDate "2024.03.09"]
[EventType "rapid"]
[EventCountry "ROU"]
[SourceTitle "playchess.com"]
[Source "ChessBase"]
[SourceQuality "1"]
[TimeControl "900+10"]

1. f4 d5 2. b3 Nf6 3. Bb2 e6 4. e3 c5 5. Nf3 Nc6 6. Bb5 Bd7 7. O-O a6 8. Bxc6 Bxc6 9. Ne5 d4 10. Nxc6 bxc6 11. Qe2 Qd5 12. Na3 Qe4 13. Rae1 Be7 14. exd4 Qxe2 15. Rxe2 cxd4 16. f5 Bc5 17. Kh1 Kd7 18. Nc4 Rhf8 19. Ne5+ Kc7 20. Nd3 Bb6 21. fxe6 fxe6 22. Rxe6 Nd5 23. Ree1 Rae8 24. Rxf8 Rxf8 25. Ba3 Rf5 26. g3 Kb7 27. Kg2 g6 28. Re4 a5 29. Bb2 c5 30. a4 Rf6 31. Re5 Kc6 32. Re8 Nc7 33. Rh8 h5 34. Ne5+ Kb7 35. Rg8 Re6 36. Nxg6 Re2+ 37. Kh3 Rxd2 38. Bc1 Rxc2 39. Bf4 d3 40. Ne5 d2 41. Rd8 Ne6 42. Rd7+ Kc8 43. Bxd2 Bc7 44. Re7 Rxd2 45. Rxe6 Re2 46. Re8+ Kb7 47. Rh8 0-1

[Event "Queen Rapid Challenge 2024"]
[Site "Bucharest"]
[Date "2024.03.10"]
[Round "5.6"]
[White "Ciolacu, Alessia-Mihaela"]
[Black "Badica, Ariana"]
[Result "1-0"]
[ECO "A14"]
[WhiteElo "2175"]
[BlackElo "1708"]
[Annotator "RC"]
[PlyCount "67"]
[EventDate "2024.03.09"]
[EventType "rapid"]
[EventCountry "ROU"]
[SourceTitle "playchess.com"]
[Source "ChessBase"]
[SourceQuality "1"]
[TimeControl "900+10"]

1. Nf3 d5 2. b3 Nf6 3. Bb2 e6 4. c4 Be7 5. g3 O-O 6. Bg2 c5 7. O-O Nc6 8. e3 Qc7 9. Nc3 Rd8 10. cxd5 Nxd5 11. Nxd5 exd5 12. d4 Bf6 13. Rc1 cxd4 14. Nxd4 Qd6 15. Nb5 Qe7 16. Bxf6 Qxf6 17. Nc7 Rb8 18. Nxd5 Qe5 19. f4 Qe6 20. Qf3 Ne7 21. Nc3 b6 22. Rfd1 Rxd1+ 23. Rxd1 g6 24. Rd8+ Kg7 25. Qe4 Nf5 26. Qxe6 fxe6 27. Kf2 Kf7 28. Nb5 Ke7 29. Rh8 h5 30. Nxa7 Kd7 31. Nc6 Rb7 32. Ne5+ Kd6 33. Bxb7 Bxb7 34. Nxg6 1-0

[Event "Queen Rapid Challenge 2024"]
[Site "Bucharest"]
[Date "2024.03.10"]
[Round "5.7"]
[White "Hoanca, Alexia-Ioana"]
[Black "Aldea, Maria-Antonia"]
[Result "1-0"]
[ECO "B80"]
[WhiteElo "1849"]
[BlackElo "1855"]
[Annotator "NA RC"]
[PlyCount "69"]
[EventDate "2024.03.09"]
[EventType "rapid"]
[EventCountry "ROU"]
[SourceTitle "playchess.com"]
[Source "ChessBase"]
[SourceQuality "1"]
[TimeControl "900+10"]

1. e4 c5 2. Nf3 d6 3. d4 cxd4 4. Nxd4 Nf6 5. Nc3 a6 6. Be3 e6 7. a3 Nbd7 8. g4 h6 9. h4 Qc7 10. Bg2 g6 11. Qe2 Ne5 12. g5 hxg5 13. Bxg5 Bg7 14. O-O-O Bd7 15. f4 Nc6 16. e5 dxe5 17. Nxc6 bxc6 18. fxe5 Nd5 19. Bxd5 cxd5 20. Bf6 Bxf6 21. exf6 Kf8 22. Kb1 Bc6 23. Rh3 a5 24. h5 gxh5 25. Rxh5 Rxh5 26. Qxh5 Ke8 27. Qh7 Rd8 28. Qg8+ Kd7 29. Qxf7+ Kc8 30. Qxe6+ Kb8 31. Qe7 Qxe7 32. fxe7 Re8 33. Nxd5 Bxd5 34. Rxd5 Rxe7 35. Rxa5 1-0

[Event "Queen Rapid Challenge 2024"]
[Site "Bucharest"]
[Date "2024.03.10"]
[Round "5.8"]
[White "Cosma, Elena-Luminita"]
[Black "Patru, Alexandra-Ioana"]
[Result "1-0"]
[ECO "D77"]
[WhiteElo "2238"]
[BlackElo "1838"]
[Annotator "RC"]
[PlyCount "63"]
[EventDate "2024.03.09"]
[EventType "rapid"]
[EventCountry "ROU"]
[SourceTitle "playchess.com"]
[Source "ChessBase"]
[SourceQuality "1"]
[TimeControl "900+10"]

1. d4 Nf6 2. Nf3 d5 3. g3 g6 4. Bg2 Bg7 5. O-O O-O 6. c4 e6 7. b3 b6 8. Nc3 Bb7 9. Ba3 Re8 10. Rc1 Nbd7 11. Ne5 Nxe5 12. dxe5 Ng4 13. cxd5 exd5 14. Nxd5 Bxd5 15. Bxd5 Rb8 16. h3 Nxe5 17. f4 Nd7 18. Bc6 Nf6 19. Bxe8 Qxe8 20. Rxc7 Qe3+ 21. Kh2 Re8 22. Rc2 Nh5 23. Rf3 Qe4 24. Qd3 Qb7 25. Re3 Rxe3 26. Qxe3 Nf6 27. Qe7 Qxe7 28. Bxe7 h6 29. Rc8+ Kh7 30. Bxf6 Bxf6 31. Rc7 Kg7 32. Rxa7 1-0

[Event "Queen Rapid Challenge 2024"]
[Site "Bucharest"]
[Date "2024.03.10"]
[Round "5.9"]
[White "Didiliuc, Dariana-Gabriela"]
[Black "Sandu, Mihaela"]
[Result "0-1"]
[ECO "E39"]
[WhiteElo "1917"]
[BlackElo "2270"]
[Annotator "RC"]
[PlyCount "40"]
[EventDate "2024.03.09"]
[EventType "rapid"]
[EventCountry "ROU"]
[SourceTitle "playchess.com"]
[Source "ChessBase"]
[SourceQuality "1"]
[TimeControl "900+10"]

1. d4 Nf6 2. c4 e6 3. Nc3 Bb4 4. Qc2 c5 5. dxc5 Nc6 6. Nf3 O-O 7. a3 Bxc5 8. b4 Nd4 9. Qd3 Nxf3+ 10. Qxf3 Be7 11. Bf4 a5 12. b5 d5 13. e3 a4 14. Bd3 Qa5 15. Be5 Nd7 16. Qh3 g6 17. Bd4 e5 18. O-O Nf6 19. Qg3 exd4 20. exd4 Qxc3 0-1

[Event "Queen Rapid Challenge 2024"]
[Site "Bucharest"]
[Date "2024.03.10"]
[Round "5.10"]
[White "Dobre, Ana-Margareta-Alexan"]
[Black "Petculescu, Diana-Silvana"]
[Result "1-0"]
[ECO "B23"]
[WhiteElo "1914"]
[BlackElo "1734"]
[Annotator "RC"]
[PlyCount "133"]
[EventDate "2024.03.09"]
[EventType "rapid"]
[EventCountry "ROU"]
[SourceTitle "playchess.com"]
[Source "ChessBase"]
[SourceQuality "1"]
[TimeControl "900+10"]

1. e4 c5 2. Nc3 Nc6 3. Bb5 Nd4 4. Nf3 a6 5. Bc4 Nxf3+ 6. Qxf3 e6 7. a4 d6 8. O-O Be7 9. Qg3 Bf6 10. d3 Be5 11. f4 Bd4+ 12. Be3 Bxe3+ 13. Qxe3 Nf6 14. Kh1 O-O 15. e5 dxe5 16. fxe5 Nd7 17. Rae1 b6 18. Qg3 Bb7 19. Rf4 Qc7 20. d4 cxd4 21. Rxd4 Nc5 22. b4 Nd7 23. Bd3 Qc6 24. Rh4 g6 25. Be4 Qc7 26. Bxb7 Qxb7 27. Ne4 h5 28. Rxh5 Kg7 29. Nf6 Nxf6 30. exf6+ Kxf6 31. Qf4+ Ke7 32. Qg5+ Ke8 33. Rh3 Qe7 34. Qf4 Rd8 35. Qe4 Rd7 36. Rc3 Rd8 37. Qc6+ Qd7 38. Qxb6 Qd2 39. Qc6+ Ke7 40. Qc5+ Rd6 41. Rf1 Rfd8 42. Qc7+ R8d7 43. Qc8 Rd8 44. Qc5 R8d7 45. Rcf3 f5 46. h3 Qd4 47. Qc8 Qxb4 48. Qh8 e5 49. Qg7+ Kd8 50. Qg8+ Kc7 51. Rb3 Qxa4 52. Qb8+ Kc6 53. Qb6+ Kd5 54. Rd1+ Ke6 55. Rxd6+ Rxd6 56. Qc5 Qa1+ 57. Kh2 Qc1 58. Qc8+ Kf6 59. Qf8+ Ke6 60. Qg8+ Kf6 61. Qf8+ Ke6 62. Qc8+ Kf6 63. Qc7 Qf4+ 64. Rg3 Re6 65. Qd8+ Re7 66. Qd6+ Re6 67. Qf8# 1-0

[Event "Queen Rapid Challenge 2024"]
[Site "Bucharest"]
[Date "2024.03.10"]
[Round "6.1"]
[White "Iordache, Alexia-Andreea"]
[Black "Bulmaga, Irina"]
[Result "0-1"]
[ECO "C47"]
[WhiteElo "1866"]
[BlackElo "2429"]
[Annotator "TA"]
[PlyCount "176"]
[EventDate "2024.03.09"]
[EventType "rapid"]
[EventCountry "ROU"]
[SourceTitle "playchess.com"]
[Source "ChessBase"]
[SourceQuality "1"]
[TimeControl "900+10"]

1. e4 e5 2. Nf3 Nc6 3. Nc3 Nf6 4. d4 exd4 5. Nxd4 Bb4 6. Nxc6 bxc6 7. Bd3 O-O 8. O-O d5 9. exd5 cxd5 10. Bg5 c6 11. Qf3 h6 12. Bxf6 Qxf6 13. Qxf6 gxf6 14. Ne2 Bd6 15. c3 {[%emt 0:00:55] C47: Schottisches Vierspringerspiel.} Rb8 16. b4 Be6 17. Nd4 c5 18. bxc5 Bxc5 19. Rab1 $146 ({Predecessor:} 19. Rfb1 a5 20. Kf1 a4 21. Rxb8 Rxb8 22. Rb1 Rc8 23. Ke2 Bd6 24. Rb6 Be5 25. Nxe6 fxe6 26. Rxe6 Rxc3 {1-0 Paravyan,D (2620)-Matinian,N (2435) Chess.com Rapid Wk20 Swiss 2022 (2)}) 19... Rb6 20. Rb5 Bxd4 21. cxd4 Rxb5 22. Bxb5 Rc8 23. Bd3 Rc3 24. Rd1 Kf8 25. f3 Ke7 26. Kf2 Kd6 27. Rd2 Bd7 28. Ke2 Ra3 29. Rb2 Bc8 30. Kd2 Ba6 31. Bxa6 Rxa6 32. Ke3 Ke6 {[%emt 0:00:21] [#]} (32... Ra3+ $11 {bleibt in der Remisbreite.} 33. Kf4 Rd3) 33. Kf4 $1 $16 Ra4 34. Rd2 (34. Re2+ $16 Kd6 35. Rd2 (35. Kf5 Rxd4 36. Kxf6 Rf4+ 37. Kg7 h5 $15)) 34... f5 $1 $11 35. Re2+ Kf6 36. Rd2 a5 37. g4 Rc4 38. h4 fxg4 39. fxg4 Rc1 40. g5+ hxg5+ 41. hxg5+ Ke6 42. Re2+ Kd6 43. Rd2 a4 44. Kf5 Rf1+ 45. Kg4 Re1 46. Kf5 Re4 47. g6 fxg6+ 48. Kxg6 Kc6 49. Kf5 Kb5 50. Rc2 Kb4 (50... Rxd4 51. Ke5 Rd3 52. Rc8 $17) 51. Kf6 $1 Rxd4 52. Ke5 Rd1 53. Kf4 $2 (53. Ke6 $11) 53... d4 (53... Re1 $142 54. Kf3 d4) 54. Ke4 $19 d3 55. Rc8 Ka3 56. Ra8 {[%emt 0:00:11] [#]} Kb4 $2 (56... Kxa2 57. Rxa4+ Kb3 58. Ra5 $11) (56... Kb2 $1 $19 {Zielt auf ...a3 ab.} 57. Rxa4 Kc2 58. Rc4+ Kd2) 57. Rc8 Rd2 58. Ke3 Rxa2 59. Kxd3 Rb2 60. Ra8 Ka3 61. Kc3 Rb4 62. Ra7 Rh4 63. Ra8 Ka2 64. Kc2 a3 65. Ra7 Rc4+ 66. Kd3 Rc5 67. Rb7 Rc1 68. Kd2 Rb1 69. Ra7 $1 Rb6 (69... Kb2 $5 70. Rb7+ $8 Ka2 $11) 70. Kc2 Rc6+ 71. Kd2 Rc4 (71... Kb3 $5 72. Rb7+ $8 Ka2 $11) 72. Kd3 Rb4 73. Kc2 Rh4 74. Ra8 Rh2+ 75. Kc3 Rh4 76. Kc2 Rh2+ 77. Kc3 Rb2 78. Ra7 Rb5 79. Kc4 Rb3 80. Ra8 $2 (80. Rf7 $11) 80... Kb2 81. Ra7 a2 82. Ra6 Ra3 ({Schwächer ist} 82... a1=B 83. Rxa1 Rc3+ 84. Kb4 $11) 83. Rb6+ Kc2 84. Rh6 Rc3+ (84... a1=B 85. Rh2+ Kb1 86. Rh1+ Ka2 87. Rg1 $17) 85. Kb4 a1=Q ({Und nicht} 85... a1=B 86. Rh2+ Kb1 87. Rh1+ (87. Ka4 Bb2 $11) 87... Kc2 88. Rxa1 $11) 86. Rh2+ Kd3 87. Rh3+ Kd4 88. Rh4+ Ke5 0-1